 Dungeon Crawl Stone Soup version 0.25-a0-731-g0472a16d6a (webtiles) character file.

Game seed: 10627109511672070608, levelgen mode: deterministic

772 Lovchig the Chopper (level 7, 0/63 HPs)
             Began as a Deep Dwarf Fighter on Apr 8, 2020.
             Was a Follower of Makhleb.
             Slain by an ogre
             ... wielding a +0 giant club
              (20 damage)
             ... on level 5 of the Dungeon.
             The game lasted 00:08:11 (2639 turns).

Lovchig the Chopper (Deep Dwarf Fighter)            Turns: 2639, Time: 00:08:11

Health: 0/63       AC: 15    Str: 21    XL:     7   Next: 53%
Magic:  5/5        EV:  5    Int:  9    God:    Makhleb [*.....]
Gold:   222        SH: 10    Dex: 12    Spells: 6/6 levels left

rFire    . . .     SeeInvis .   a - +0 war axe
rCold    . . .     Gourm    .   c - +0 kite shield
rNeg     . . .     Faith    .   o - +0 plate armour
rPois    .         Spirit   .   r - +0 helmet
rElec    .         Reflect  .   (no cloak)
rCorr    .         Harm     .   (no gloves)
MR       +....                  k - +0 pair of boots
Stlth    ..........             (no amulet)
HPRegen  0.00/turn              e - +1 ring of protection
MPRegen  0.09/turn              (no ring)

@: non-regenerating
A: damage resistance, heal wounds, sense surroundings 1, no regeneration
a: Heal Wounds, Renounce Religion


You were on level 5 of the Dungeon.
You worshipped Makhleb.
Makhleb was aware of your devotion.
You were not hungry.

You visited 1 branch of the dungeon, and saw 5 of its levels.

You collected 222 gold pieces.

Inventory:

Hand Weapons
 a - a +0 war axe (weapon)
Armour
 c - a +0 kite shield (worn)
 k - a +0 pair of boots (worn)
 o - a +0 plate armour (worn)
 r - a +0 helmet (worn)
Jewellery
 e - a +1 ring of protection (left hand)
Scrolls
 g - 5 scrolls of teleportation
 l - 3 scrolls of blinking
 q - a scroll of identify
Potions
 b - a potion of cancellation
 d - a potion of might
 h - 2 potions of stabbing {unknown}
 i - a potion of haste
 m - a potion of ambrosia
 n - 3 potions of flight
 p - 2 potions of berserk rage
Comestibles
 f - 7 rations
 j - 2 chunks of flesh


   Skills:
 * Level 3.8 Fighting
 * Level 6.2 Axes
 * Level 4.9 Armour
 * Level 2.6 Dodging
 * Level 5.3 Shields


You had 6 spell levels left.
You didn't know any spells.
Your spell library was empty.

Dungeon Overview and Level Annotations

Branches:
Dungeon (5/15)             Temple (0/1) D:4

Altars:
Dithmenos
Elyvilon
Makhleb
Nemelex Xobeh
Okawaru

Shops:
D:4 ([?(


Innate Abilities, Weirdness & Mutations

You are resistant to damage.
You can heal yourself by infusing magical energy.
You passively map a small area around you.
You do not regenerate.


Message History

You butcher the worker ant corpse.
j - 2 chunks of flesh (gained 1)
q - a scroll of identify An ogre comes into view.
It is wielding a +0 giant club.
The ogre shouts!
Found 18 stones.
The ogre barely misses you.
Your plate armour prevents you from hitting the ogre.
The ogre hits you with a +0 giant club.
You completely miss the ogre. The ogre barely misses you.
You hit the ogre.
The ogre is lightly wounded.
You block the ogre's attack.
You hit the ogre.
The ogre is lightly wounded.
The ogre hits you with a +0 giant club!
You slash the ogre!
The ogre is severely wounded.
The ogre hits you with a +0 giant club!!
You die...

, #.....# * * #.....# #
#.....# * ####.* #.....#
.....# #.....#
.##...############.†...#
.................'.....+
.#.#.#..######.###.....#
(......@# #.........# ,
.#.#.#.O# #..#.#.#### *
........# #.......# ,
.#.#.#..# ##.#.#..... *
........# #......... ,
.#.#.#..# #####..... *
.......## *.....
#######* ###..


You could see an ogre.

Vanquished Creatures
  2 ogres (D:4)
  A necrophage (D:5)
  2 howler monkeys (D:4)
  A crimson imp (D:5)
  A jelly (D:5)
  A bullfrog zombie (D:5)
  A bullfrog skeleton (D:5)
  Natasha (thrice) (D:2)
  Terence (D:2)
  An iguana (D:5)
  A worker ant (D:5)
  A gnoll (D:1)
  5 adders
  An ooze (D:3)
  5 worms
  A dart slug (D:2)
  6 leopard geckos
  4 orcs (D:3)
  3 giant cockroaches
  12 hobgoblins
  4 jackals (D:2)
  9 kobolds
  3 quokkas (D:2)
  A ball python (D:2)
  7 bats
  4 frilled lizards
  11 goblins
  A leopard gecko skeleton (D:4)
  8 rats
101 creatures vanquished.

Notes
Turn   | Place    | Note
-------+----------+-------------------------------------------
     0 | D:1      | Lovchig the Deep Dwarf Fighter began the quest for the Orb.
     0 | D:1      | Reached XP level 1. HP: 20/20 MP: 1/1
    92 | D:1      | Reached XP level 2. HP: 22/27 MP: 2/2
   284 | D:1      | Reached XP level 3. HP: 18/34 MP: 3/3
   765 | D:2      | Noticed Terence
   766 | D:2      | Noticed Natasha
   776 | D:2      | Killed Natasha
   776 | D:2      | Reached skill level 3 in Axes
   776 | D:2      | Reached skill level 1 in Dodging
   776 | D:2      | Reached XP level 4. HP: 14/42 MP: 4/4
   788 | D:2      | Killed Terence
   848 | D:2      | Noticed Natasha
   873 | D:2      | Killed Natasha
   873 | D:2      | Reached XP level 5. HP: 25/49 MP: 5/5
  1014 | D:2      | Noticed Natasha
  1027 | D:2      | Reached skill level 4 in Axes
  1032 | D:2      | Killed Natasha
  1458 | D:3      | Found a sparkling altar of Nemelex Xobeh.
  1526 | D:3      | Found a burning altar of Makhleb.
  1531 | D:3      | Became a worshipper of Makhleb the Destroyer
  1971 | D:4      | Found Eczis's Magic Scroll Emporium.
  1980 | D:4      | Reached XP level 6. HP: 26/56 MP: 5/5
  2031 | D:4      | Reached skill level 5 in Axes
  2032 | D:4      | Found a white marble altar of Elyvilon.
  2058 | D:4      | Found a shadowy altar of Dithmenos.
  2085 | D:4      | Reached XP level 7. HP: 21/62 MP: 5/5
  2096 | D:4      | Found Edwuj's Antique Armour Shop.
  2139 | D:4      | Found a staircase to the Ecumenical Temple.
  2161 | D:4      | Found Hirph's Weapon Emporium.
  2210 | D:4      | Found Ismykit's Weapon Emporium.
  2334 | D:4      | Found an iron altar of Okawaru.
  2421 | D:5      | Entered Level 5 of the Dungeon
  2436 | D:5      | Reached skill level 5 in Shields
  2528 | D:5      | Reached * piety under Makhleb
  2607 | D:5      | Reached skill level 6 in Axes
  2639 | D:5      | Slain by an ogre

Levels and vault maps discovered:
D:1:      dpeg_arrival_houses_and_road, layout_basic
D:2:      layout_rooms, first_ration, uniq_terence, uniq_natasha
D:3:      layout_loops_cross, lightli_temple_of_fire,
          nemelex_xobeh_ov_fountains_minmay
D:4:      layout_cave_pools, kennysheep_little_box, elyvilon_altar_5,
          overflow_temple_1_default, minmay_temple_entry_large_hall,
          serial_shops, shop, nicolae_shop_statue_plus, shop, shop_statue
D:5:      layout_basic, serial_glass, glass_columns_c, glass_columns_c,
          glass_columns_a, glass_columns_b, glass_columns_a, glass_columns_c,
          serial_shops, shop

Skill      XL: |  1  2  3  4  5  6  7 |
---------------+----------------------+-----
Fighting       | 3 |  3.8
Axes           | 3 4 5 6 |  6.2
Dodging        | 1 2 |  2.6
Shields        | 4 5 |  5.3
Armour         | 4 |  4.9

Action                   |  1- 3 |  4- 6 |  7- 9 || total
-------------------------+-------+-------+-------++-------
Melee: War axe           |    87 |   260 |    50 ||   397
 Abil: Heal Wounds       |       |     4 |     1 ||     5
  Use: Scroll            |     1 |     6 |     3 ||    10
  Eat: Chunk             |       |     5 |     2 ||     7
Armor: Scale mail        |    42 |     9 |       ||    51
       Chain mail        |       |   111 |       ||   111
       Plate armour      |       |    28 |    22 ||    50
Dodge: Dodged            |    31 |    67 |    10 ||   108
Block: Kite shield       |    49 |   172 |    21 ||   242

Table legend:
 A = Non-vault XP
 B = Vault XP
 C = Vault XP percentage of total XP
 D = Non-vault monster count
 E = Vault monster count
 F = Vault count percentage of total count
                 A         B        C        D         E       F
            +---------+---------+-------+---------+---------+-------
      Total |    1032 |      72 |   6.5 |      99 |       2 |   2.0
            +---------+---------+-------+---------+---------+-------
        D:1 |      63 |       0 |   0.0 |      28 |       0 |   0.0
        D:2 |     151 |      72 |  32.3 |      34 |       2 |   5.6
        D:3 |      81 |       0 |   0.0 |      21 |       0 |   0.0
        D:4 |     370 |       0 |   0.0 |       7 |       0 |   0.0
        D:5 |     367 |       0 |   0.0 |       9 |       0 |   0.0
            +---------+---------+-------+---------+---------+-------
